AoeStats
← Barón de la Cerveza

Arabia

508544995Analyzed
1v1 RM · 10d ago on Sep 23, 2026· 34m 6s· 2 players
Game mode
Random Map
Map size
Tiny (2 player)
Population
200
Speed
Normal
Resources
Standard
Victory
Conquest
Starting age
Dark Age
Ending age
Imperial Age
RankedLock teamsTeams togetherTeam positionsShared explorationLock speedFull tech treeHidden civsTurbo modeCheats
Victory
Defeat
🇭🇰 Mongols · Hong Kong SAR China
1883
+16
🇲🇽 Saxons · Mexico
1883
-16
Barón de la Cerveza
6:14 Loom
9:22 Feudal Age
10:19 Double-Bit Axe
14:22 Horse Collar
15:48 Fletching
18:05 Padded Archer Armor
21:47 Castle Age
21:41 Gold Mining
22:30 Wheelbarrow
21:57 Crossbowman
22:33 Bodkin Arrow
23:10 Padded Archer Armor
23:27 Bow Saw
27:30 Heavy Plow
28:03 Stone Mining
31:46 Ballistics
34:04 Imperial Age
34:04 Hand Cart
kenkenyau
7:48 Feudal Age
8:06 Loom
8:45 Double-Bit Axe
10:43 Horse Collar
19:29 Castle Age
19:16 Bloodlines
19:42 Light Cavalry
21:13 Bow Saw
28:11 Wheelbarrow
28:16 Gold Mining
29:28 Heavy Plow
33:21 Imperial Age
31:13 Fletching
31:42 Hand Cart
32:10 Bodkin Arrow
32:16 Padded Archer Armor
33:06 Gold Shaft Mining
33:08 Ballistics
32:57 Husbandry
33:46 Leather Archer Armor
34:06 Bracer
34:05 Elite Mangudai
Connection lost

Rejoining the realm…

Still unreachable

The connection could not be restored.

Session expired

The server has moved on; the page needs a fresh start.